 Dungeon Crawl Stone Soup version 0.29.1-2-gbd0b4ee654 (webtiles) character file.

Game seed: 9678765842019567481

3900 Anriel the Grappler (level 10, -18/73 HPs)
             Began as a Human Monk on Oct 27, 2022.
             Was a Believer of Ru.
             Shot with a bolt by an orc warrior (22 damage)
             ... in a bailey.
             The game lasted 01:01:37 (9056 turns).

Anriel the Grappler (Human Monk)                    Turns: 9056, Time: 01:01:37

Health: -18/73     AC:  6    Str: 17    XL:     10   Next: 43%
Magic:  14/14      EV: 17    Int: 10    God:    Ru [**....]
Gold:   691        SH:  0    Dex: 21    Spells: 14/15 levels left

rFire   . . .      SeeInvis .   D - +0 arbalest
rCold   . . .      Faith    .   (shield currently unavailable)
rNeg    . . .      Spirit   .   a - +1 robe
rPois   .          Reflect  .   y - +0 helmet
rElec   .          Harm     .   B - +0 cloak
rCorr   .          Rampage  .   w - +0 pair of gloves
Will    .....                   (no boots)
Stlth   +++.......              g - amulet of regeneration
HPRegen 1.02/turn               n - +6 ring of dexterity
MPRegen 0.14/turn               (no ring)

@: unable to read
A: inability to read after injury 2, hated by all
a: Renounce Religion


You were in a bailey.
You worshipped Ru.
Ru was pleased with you.
You visited 2 branches of the dungeon, and saw 10 of its levels.
You also visited: Ossuary and Bailey.

You collected 691 gold pieces.

Inventory:

Hand Weapons
 h - a +0 shortbow
 D - a +0 arbalest (weapon)
Missiles
 x - 3 boomerangs
Armour
 a - a +1 robe (worn)
 d - a +0 troll leather armour
 l - a +0 leather armour
 q - +0 steam dragon scales
 v - the +6 tower shield of the New World {rF+ rN+}
   (You found it on level 8 of the Dungeon)

   rF:        It protects you from fire.
   rN:        It protects you from negative energy.
 w - a +0 pair of gloves (worn)
 y - a +0 helmet (worn)
 B - a +0 cloak (worn)
Magical Staves
 C - a staff of poison
Jewellery
 e - an amulet of reflection
 g - an amulet of regeneration (around neck)
 n - a +6 ring of dexterity (left hand)
 t - an amulet of faith
Wands
 k - a wand of flame (30)
Scrolls
 b - 2 scrolls of fear
 c - a scroll of identify
 f - a scroll of blinking {unknown}
 o - 2 scrolls of teleportation
 r - 2 scrolls of enchant armour
 u - a scroll of enchant weapon
 A - a scroll of amnesia
 E - a scroll of magic mapping {unknown}
 F - a scroll of torment {unknown}
Potions
 j - 4 potions of brilliance
 m - 4 potions of flight
 p - a potion of berserk rage
 s - a potion of haste {unknown}
 z - a potion of resistance {unknown}


   Skills:
 + Level 4.4 Fighting
 + Level 4.5 Ranged Weapons
 + Level 2.0 Throwing
 * Level 6.7 Dodging
 + Level 4.0 Stealth
 * Level 10.7 Unarmed Combat
 * Level 3.3 Spellcasting
 + Level 0.7 Evocations


You had 14 spell levels left.
You knew the following spells:

 Your Spells              Type           Power      Damage    Failure   Level
a - Shock                 Conj/Air       4%         1d3       28%         1

Your spell library contained the following spells:

 Spells                   Type           Power      Damage    Failure   Level
 Necrotise                Necr           4%         1d4       28%         1
 Poisonous Vapours        Pois/Air       2%         N/A       38%         2
 Conjure Flame            Conj/Fire      1%         6-21      63%         3
 Ignite Poison            Fire/Tmut/Pois 1%         N/A       63%         3
 Portal Projectile        Hex/Tloc       2%         N/A       63%         3
 Swiftness                Air            1%         N/A       63%         3
 Vampiric Draining        Necr           1%         2d6       63%         3
 Airstrike                Air            0%         2d(1-17)  95%         4
 Leda's Liquefaction      Hex/Erth       0%         N/A       95%         4
 Sticky Flame             Conj/Fire      1%         2d3       95%         4
 Agony                    Necr           1%         N/A       100%        5
 Call Canine Familiar     Summ           Unusable   N/A       N/A         3

Dungeon Overview and Level Annotations

Branches:
Dungeon (9/15)             Temple (1/1) D:6            Lair (0/5) D:9
Ossuary (visited)          Bailey (1/1)
    Orc: D:9-12

Altars:
Ashenzari
Cheibriados
Dithmenos
Elyvilon
Gozag
Kikubaaqudgha
Makhleb
Nemelex Xobeh
Okawaru
Qazlal
Ru
Sif Muna
Trog
Uskayaw
Vehumet
Wu Jian
Xom
Zin
The Shining One

Shops:
D:4 (


Innate Abilities, Weirdness & Mutations

You sometimes lose the ability to read scrolls when taking damage.
You are hated by all.


Message History

An orc and an orc warrior come into view.
Found a gate leading back out of this place.
An orc warrior and an orc come into view.
An orc warrior comes into view. It is wielding a +0 arbalest.
The orc shouts!
The orc warrior shouts!
The orc warrior shoots a bolt.
The bolt hits you!!
The orc warrior is stunned by your conviction and fails to attack.
D - a +0 arbalest (weapon)
Fire: D) +0 arbalest
Press: ? - help, Q - select action, (/) - cycle Shift-Dir - straight line, f - orc warrior
Aim: an orc warrior, wielding a +0 arbalest and wearing a +0 scale mail (55% to hit)
You shoot a bolt.
The bolt closely misses the orc warrior.
The orc warrior shouts!
The orc warrior shoots a bolt.
The bolt hits you.
You feel threatened and lose the ability to read scrolls!
The orc warrior shoots a bolt.
The bolt barely misses you.
The orc warrior shoots a bolt.
The bolt hits you!
The orc warrior shoots a bolt.
The bolt misses you.
Fire: D) +0 arbalest
Press: ? - help, Q - select action, (/) - cycle Shift-Dir - straight line, f/p - orc warrior
Aim: an orc warrior, wielding a +0 arbalest and wearing a +0 scale mail (55% to hit)
You shoot a bolt. The bolt hits the orc warrior.
The orc warrior is lightly wounded.
You hear a shout!
The orc warrior shoots a bolt.
The bolt hits you!
The orc warrior shoots a bolt.
The bolt hits you!!
* * * LOW HITPOINT WARNING * * *
You feel better.
The orc warrior shoots a bolt.
The bolt barely misses you.
Okay, then.
The orc warrior shoots a bolt.
The bolt closely misses you.
The orc warrior shoots a bolt.
The bolt hits you!
* * * LOW HITPOINT WARNING * * *
The orc warrior shoots a bolt.
The bolt closely misses you.
The orc warrior shoots a bolt.
The bolt hits you.
* * * LOW HITPOINT WARNING * * *
The orc warrior shouts!
The orc warrior shoots a bolt.
The bolt hits you!!
You die...

###########
..........∩#
.........∩.#
...........#
...........#
≈≈≈≈......#
###≈≈.....#
≈##.##≈.....#
.....o.#≈.@...#
..≈#oo##≈.....#
..≈##.#≈≈.....#
..≈≈≈o≈≈......#
..............#
#.............#
#.............#
#............#
#............#


You could see 2 orc warriors and 2 orcs.

Vanquished Creatures
  Erica (D:8)
  A troll (D:9)
  A hornet (D:8)
  Sigmund (D:2)
  A steam dragon (D:9)
  A water moccasin (D:7)
  An ice beast (D:8)
  2 orc warriors
  2 centaurs
  2 wolves (D:9)
  4 bullfrogs
  3 scorpions (D:5)
  A necrophage (D:6)
  2 electric eels (D:9)
  A howler monkey (D:9)
  2 human zombies (Ossuary)
  4 jellies (D:6)
  9 hounds
  Crazy Yiuf (D:2)
  4 orc priests
  4 iguanas
  8 orc wizards
  A hound zombie (Ossuary)
  4 mummies (Ossuary)
  Robin (D:3)
  13 gnolls
  5 adders
  A river rat (D:6)
  2 shadow imps (D:7)
  4 white imps
  A worm (D:6)
  3 dart slugs (D:1)
  39 orcs
  3 endoplasms
  7 giant cockroaches
  A gnoll zombie (Ossuary)
  18 goblins
  3 hobgoblins
  3 jackals (D:3)
  5 quokkas
  7 ball pythons
  6 bats
  3 frilled lizards
  4 goblin zombies
  A hobgoblin zombie (Ossuary)
  2 jackal zombies (Ossuary)
  9 kobolds
  2 orc zombies (Ossuary)
  10 rats
  A rat zombie (Ossuary)
215 creatures vanquished.

Vanquished Creatures (others)
  An orc wizard (D:8)
1 creature vanquished.

Grand Total: 216 creatures vanquished

Notes
Turn   | Place    | Note
-------+----------+-------------------------------------------
     0 | D:1      | Anriel the Human Monk began the quest for the Orb.
     0 | D:1      | Reached XP level 1. HP: 18/18 MP: 1/1
   139 | D:1      | Reached XP level 2. HP: 9/24 MP: 2/2
   765 | D:1      | Reached XP level 3. HP: 24/29 MP: 3/3
  1160 | D:2      | Noticed Sigmund
  1502 | D:2      | Learned a level 1 spell: Shock
  1675 | D:2      | Found a runed translucent door.
  1676 | D:2      | Noticed Crazy Yiuf
  2036 | D:4      | Found a sand-covered staircase.
  2062 | Ossuary  | Entered an ossuary
  2078 | Ossuary  | Reached XP level 4. HP: 23/35 MP: 4/4
  2094 | Ossuary  | Reached skill level 4 in Unarmed Combat
  2177 | Ossuary  | Reached XP level 5. HP: 27/41 MP: 5/5
  2190 | Ossuary  | Reached skill level 5 in Unarmed Combat
  2546 | D:4      | Reached XP level 6. HP: 46/47 MP: 6/6
  2850 | D:4      | Found a burning altar of Makhleb.
  2854 | D:4      | Found a glowing silver altar of Zin.
  2854 | D:4      | Noticed an angel
  2855 | D:4      | Noticed a blizzard demon
  2900 | D:4      | Found Waxyir's Antique Weapon Shoppe.
  3011 | D:5      | Entered Level 5 of the Dungeon
  3020 | D:5      | You fall into a shaft and drop 2 floors!
  3229 | D:7      | Noticed a water moccasin
  3240 | D:7      | Killed a water moccasin
  3241 | D:7      | Reached skill level 6 in Unarmed Combat
  3308 | D:7      | Reached XP level 7. HP: 16/52 MP: 7/7
  3396 | D:7      | Reached skill level 1 in Throwing
  3684 | D:7      | Got the Omnibus of Weather
  3946 | D:6      | Found a staircase to the Ecumenical Temple.
  4244 | D:6      | Reached skill level 1 in Ranged Weapons
  4372 | D:6      | Reached skill level 7 in Unarmed Combat
  4499 | Temple   | Entered the Ecumenical Temple
  4526 | Temple   | Became a worshipper of Ru the Awakened
  4542 | D:6      | Gained mutation: You are hated by all. [Ru sacrifice]
  4542 | D:6      | Reached * piety under Ru
  4584 | D:6      | Reached XP level 8. HP: 54/58 MP: 8/8
  5554 | D:5      | Reached skill level 8 in Unarmed Combat
  5770 | D:5      | Reached skill level 5 in Dodging
  6591 | D:3      | Noticed Robin
  6636 | D:3      | Killed Robin
  6812 | D:3      | Found a radiant altar of Vehumet.
  6850 | D:3      | Reached XP level 9. HP: 40/65 MP: 9/9
  6951 | D:2      | Killed Crazy Yiuf
  7492 | D:2      | Killed Sigmund
  7664 | D:8      | Noticed a hornet
  7664 | D:8      | Found a bloodstained altar of Trog.
  7684 | D:8      | Killed a hornet
  7685 | D:8      | Reached skill level 9 in Unarmed Combat
  7695 | D:8      | Gained mutation: You occasionally lose the ability to read
                  | scrolls when taking damage. [Ru sacrifice]
  7695 | D:8      | Gained mutation: You sometimes lose the ability to read
                  | scrolls when taking damage. [Ru sacrifice]
  7695 | D:8      | Reached ** piety under Ru
  7746 | D:8      | Found a stormy altar of Qazlal.
  7811 | D:8      | Reached skill level 1 in Spellcasting
  7935 | D:8      | Found a white marble altar of Elyvilon.
  7975 | D:8      | Identified the +6 tower shield of the New World {rF+ rN+}
  8029 | D:8      | Found a shimmering altar of Xom.
  8030 | D:8      | Noticed a spectral ugly thing
  8178 | D:8      | Noticed Erica
  8193 | D:8      | Killed Erica
  8194 | D:8      | Reached skill level 10 in Unarmed Combat
  8194 | D:8      | Reached XP level 10. HP: 54/72 MP: 11/13
  8208 | D:8      | Found a broken altar of Ashenzari.
  8789 | D:9      | Found a staircase to the Lair.
  9006 | D:9      | Found a flagged portal.
  9032 | Bailey   | Entered a bailey
  9048 | Bailey   | HP: 2/73 [orc warrior/bolt (21)]
  9055 | Bailey   | HP: 3/73 [orc warrior/bolt (3)]
  9056 | Bailey   | Shot with a bolt by an orc warrior

Illustrated notes

Levels and vault maps discovered:
D:1:      erik_arrival_triangle_small, layout_loops_corners
D:2:      layout_rooms, minmay_fountain_box, grunt_ministairs_4, uniq_sigmund,
          uniq_crazy_yiuf_cottage
D:3:      layout_loops_corners, mainiacjoe_overflow_alcove_1, chequers_garden,
          mrwooster_statue_mirror, grunt_decor_junction, uniq_robin
D:4:      layout_gridville, grunt_temple_overflow_order_and_chaos_2,
          serial_shops, shop, enter_ossuary_4
D:5:      layout_basic
D:6:      layout_basic, minmay_temple_entry_ruins, portal_sewer_entry_e
D:7:      layout_rooms
D:8:      layout_loops_ring, kennysheep_ying_yang,
          regret_index_temple_of_mockery, trog_three_pillars_becter,
          overflow_temple_1_default, nicolae_qazlal_style_of_elements,
          uniq_erica
D:9:      layout_loops_ring, erik_lair_island, enter_bailey_5
Temple:   hellmonk_temple_two_chambers
Bailey:   bailey_polearm_2, bailey

Skill      XL: |  1  2  3  4  5  6  7  8  9 10 |
---------------+-------------------------------+-----
Unarmed Combat | 4 5 6 7 8 10 | 10.7
Dodging        | 4 5 6 |  6.7
Throwing       | 2 |  2.0
Ranged Weapons | 1 2 3 4 |  4.5
Stealth        | 3 4 |  4.0
Fighting       | 4 |  4.4
Spellcasting   | 2 3 |  3.3
Evocations     | |  0.7

Action                   |  1- 3 |  4- 6 |  7- 9 | 10-12 || total
-------------------------+-------+-------+-------+-------++-------
Melee: Unarmed           |   147 |   224 |   376 |    99 ||   846
       Punch             |     1 |    10 |    20 |     7 ||    38
 Fire: Sling             |       |     2 |    88 |       ||    90
       Shortbow          |       |       |       |    30 ||    30
       Arbalest          |       |       |       |     2 ||     2
Throw: Stone             |     3 |       |       |       ||     3
       Throwing net      |       |     1 |       |       ||     1
       Boomerang         |       |     1 |       |       ||     1
Invok: Sacrifice Love    |       |       |     1 |       ||     1
       Sacrifice Words   |       |       |     1 |       ||     1
Evoke: Wand              |       |       |     3 |     1 ||     4
  Use: Scroll            |     6 |     4 |     7 |     1 ||    18
       Potion            |       |     4 |     5 |     5 ||    14
 Stab: Sleeping          |     9 |     1 |     8 |       ||    18
       Distracted        |       |       |     1 |       ||     1
       Invisible         |       |       |       |     1 ||     1
Armor: Robe              |    39 |    43 |    50 |    24 ||   156
Dodge: Dodged            |   104 |   126 |   219 |    77 ||   526
